slyhack, chaotic female human Rogue ------ ------------- ----- |))).| |...........| ....| |)[).| ##-...........+ ##|..l. |))).| # |.........{.| #-...| qqW p |))).| ### ---------.--- ###|...|# q |m)).| # # # --.--@ |)m@.-###### # ### # a ------ # # # # # # #### ###########I### # # f##---.-.------ --------.----# #....)......| |...........|# |>...(.....| |...........|# |..........| |.....<......# |..^.......| |...........| |..........| ------------- ------------ slyhack the Cutpurse Experience level: 4 Strength: 11 Dexterity: 16 Constitution: 18 Intelligence: 12 Wisdom: 11 Charisma: 10 Health: 0(37) Energy: 14(14) Def: 5 Gold: 837 Moves: 2390 Dungeon seed: VXK-8GoSknteHIcB Game ID: slyhack_1476892131 Your Inventory: Coins $ - 837 gold pieces Amulets D - an uncursed amulet of ESP (being worn) Weapons a - an uncursed +0 short sword (weapon in hand) b - 6 uncursed +0 daggers (in quiver) f - the cursed +1 Sting p - 2 uncursed +1 orcish daggers E - a blessed +2 dagger named nc J - an uncursed +0 dagger O - an uncursed +0 orcish dagger Armor e - an uncursed +1 leather armor (being worn) g - a cursed +2 elven cloak i - a cursed +0 pair of kicking boots N - an uncursed +0 orcish helm (being worn) T - an uncursed +0 pair of low boots (being worn) Y - an uncursed +0 alchemy smock named nc Scrolls c - an uncursed scroll of punishment d - a cursed scroll of identify U - an uncursed scroll of teleportation X - a cursed scroll of magic mapping Rings V - a cursed ring of sustain ability W - a cursed ring of cold resistance Wands A - an uncursed wand of striking (0:5) Z - a cursed wand of digging (0:6) Tools h - an uncursed blindfold named nc (being worn) k - an uncursed lock pick y - an uncursed towel B - an uncursed sack G - an uncursed skeleton key Gems n - 2 uncursed worthless pieces of yellow glass q - an uncursed agate stone r - an uncursed chrysoberyl stone z - 2 uncursed worthless pieces of red glass P - an uncursed worthless piece of yellowish brown glass Contents of the sack: 1019 gold pieces an uncursed scroll of amnesia an uncursed scroll of charging an uncursed scroll of enchant armor an uncursed scroll of magic mapping an uncursed scroll of scare monster an uncursed scroll of teleportation an uncursed spellbook of cone of cold an uncursed spellbook of sleep an uncursed potion of healing a blessed potion of paralysis an uncursed potion of restore ability a cursed ring of aggravate monster Spells and supernatural/magical abilities: Name Level Category Fail Memory W - pray for help -- divine ? -- Your skills at the end: Fighting Skills Weapon Skills dagger [Basic] short sword [Basic] Spellcasting Skills Final Attributes: You were piously aligned. You were telepathic. You were stealthy. You are dead. Vanquished creatures: a dog a wood nymph a yellow light a floating eye 3 dwarf zombies 2 iguanas an acid blob a hobbit a hobgoblin a red mold a gnome zombie 2 geckos 10 jackals a fox 4 goblins a sewer rat a grid bug a bat 3 lichens 4 newts 41 creatures vanquished. Voluntary challenges: You used a wielded weapon 20 times, starting on turn 96. You read items or engraved 4 times, starting on turn 2296. You never genocided any monsters. You never polymorphed an object. You never changed form. You used no wishes. You never split a pudding. You wrote Elbereth's name 2 times, starting on turn 2296. You never violated your personal moral code. Dungeon overview: The Dungeons of Doom: levels 1 to 8 Level 1 a long staircase Level 2 (stash) an altar to Issek, a fountain stairs to The Gnomish Mines Level 3 a general store Level 4 some fountains, a sink Level 5 Level 6 Level 7 (bones, soldier ant) <- You were here a weapon shop, a fountain Level 8 The Gnomish Mines: Level 3 stairs to The Dungeons of Doom History has recorded: On T:1 you entered the Dungeons of Doom to retrieve the Amulet of Yendor! On T:134 you reached level 2 of The Dungeons of Doom. On T:229 you reached level 1 of The Gnomish Mines. On T:324 you advanced to experience level 2. On T:443 you reached level 3 of The Dungeons of Doom. On T:1029 you advanced to experience level 3. On T:1325 you reached level 5 of The Dungeons of Doom. On T:1582 you advanced to experience level 4. On T:1611 you reached level 6 of The Dungeons of Doom. On T:1864 you reached level 7 of The Dungeons of Doom. On T:2301 you reached level 8 of The Dungeons of Doom. Score breakdown: Gold: 1856 (11119 points) Experience: 4 levels ( 9649 points) Exploration: 8 levels ( 15.69%) (11224 points) Discoveries: 1 item ( 0.34%) ( 1737 points) Valuables value: (no points given unless you survive) Artifact value: 800 ( 9877 points) Variety of kills: 20 monsters ( 5.25%) ( 6873 points) Turncount: 2390 turns ( -264 points) Survival: died (score multiplied by 80%) Total score: 40172 Latest messages: Archaea misses the fog cloud. (2x) You miss the fog cloud. Archaea misses the fog cloud. You hit the fog cloud! Archaea misses the fog cloud. (2x) You hear some noises. You hear some noises in the distance. You are now wearing a blindfold named nc. You can't see any more. You hear some noises. Wait! There's something there you can't see! There's still a monster there. You hear some noises in the distance. Wait! There's something there you can't see! You kill it! You begin praying to Kos. The soldier ant bites! The soldier ant stings! The soldier ant bites! You die... Final status: Goodbye slyhack the Rogue, killed by a soldier ant, while praying... You died in The Dungeons of Doom on dungeon level 7 with 40172 points, and 1856 pieces of gold, after 2390 moves. You were level 4 with a maximum of 37 hit points when you died.